 Dungeon Crawl Stone Soup version 0.29-a0-490-g77b3608 (webtiles) character file.

Game seed: 16253313023162149000

8521 Illumine the Grappler (level 11, -4/107 HPs)
             Began as a Troll Cinder Acolyte on May 26, 2022.
             Was an Initiate of Ignis.
             Slain by a cane toad (5 damage)
             ... on level 1 of the Lair of Beasts.
             The game lasted 00:19:24 (8785 turns).

Illumine the Grappler (Troll Cinder Acolyte)        Turns: 8785, Time: 00:19:25

Health: -4/107     AC:  8    Str: 28    XL:     11   Next: 11%
Magic:  11/11      EV: 11    Int: 10    God:    Ignis [......]
Gold:   541        SH:  0    Dex:  9    Spells: 10/12 levels left

rFire   + + .      SeeInvis .     - Unarmed
rCold   + + .      Faith    .   (no shield)
rNeg    . . .      Spirit   .   I - +0 steam dragon scales
rPois   .          Reflect  .   (helmet restricted)
rElec   .          Harm     .   F - +0 cloak
rCorr   .          Rampage  .   (gloves unavailable)
Will    .....                   (boots unavailable)
Stlth   ++........              J - amulet of Surprise {RegenMP rF+ rC+ Dex+4}
HPRegen 1.07/turn               y - ring of protection from cold
MPRegen 0.52/turn               x - ring of flight

@: lethally poisoned (-4 -> -11), attractive, flying
A: large, unfitting armour, claws 3, regeneration 1, shaggy fur 1, tough skin 1
a: Renounce Religion, Rising Flame


You were on level 1 of the Lair of Beasts.
You worshipped Ignis.
Ignis was noncommittal.
You visited 2 branches of the dungeon, and saw 11 of its levels.

You collected 541 gold pieces.

Inventory:

Hand Weapons
 a - a -1 falchion of flaming
Missiles
 r - 224 stones
 t - 6 boomerangs (quivered)
 C - 2 javelins
 H - 2 silver javelins
Armour
 F - a +0 cloak (worn)
 I - +0 steam dragon scales (worn)
Jewellery
 q - a ring of ice
 x - a ring of flight (right claw)
 y - a ring of protection from cold (left claw)
 G - an amulet of magic regeneration
 J - the amulet of Surprise (around neck) {RegenMP rF+ rC+ Dex+4}
   (You found it on level 8 of the Dungeon)

   [amulet of magic regeneration]

   It increases your rate of magic regeneration.
   Dex:       It affects your dexterity (+4).
   rF:        It protects you from fire.
   rC:        It protects you from cold.
Wands
 b - a wand of charming (3)
 g - a wand of digging (2)
 k - a wand of iceblast (10)
 v - a wand of flame (38)
Scrolls
 e - 2 scrolls of fear
 f - 6 scrolls of teleportation
 l - 4 scrolls of brand weapon
 m - 3 scrolls of fog
 o - 3 scrolls of blinking
 p - a scroll of immolation {unknown}
 s - 2 scrolls of enchant armour
 B - 2 scrolls of enchant weapon {unknown}
 D - 2 scrolls of vulnerability {unknown}
Potions
 c - 3 potions of brilliance
 d - 2 potions of berserk rage
 h - 4 potions of mutation
 i - 4 potions of heal wounds {unknown}
 j - 5 potions of flight
 n - a potion of lignification
 u - a potion of might {unknown}
 w - 2 potions of invisibility {unknown}
 z - 2 potions of attraction
 A - a potion of curing {unknown}
 E - a potion of cancellation {unknown}
 K - a potion of magic {unknown}
 L - a potion of ambrosia {unknown}


   Skills:
 + Level 6.6 Fighting
 - Level 2.4 Long Blades
 + Level 5.7 Throwing
 + Level 6.1 Dodging
 - Level 2.6 Stealth
 * Level 10.4 Unarmed Combat
 - Level 1.0 Spellcasting
 - Level 2.1 Fire Magic
 + Level 3.1 Evocations


You had 10 spell levels left.
You knew the following spells:

 Your Spells              Type           Power      Damage    Failure   Level
a - Scorch                Fire           8%         2d5       22%         2

Your spell library contained the following spells:

 Spells                   Type           Power      Damage    Failure   Level
 Apportation              Tloc           0%         N/A       34%         1
 Freeze                   Ice            0%         1d3       34%         1
 Necrotize                Necr           0%         1d4       34%         1
 Summon Small Mammal      Summ           0%         N/A       34%         1
 Dazzling Flash           Conj/Hex       0%         N/A       71%         3
 Frozen Ramparts          Ice            0%         1d2       71%         3
 Portal Projectile        Hex/Tloc       0%         N/A       71%         3
 Tukima's Dance           Hex            0%         N/A       71%         3
 Hailstorm                Conj/Ice       0%         3d3       98%         4
 Iskenderun's Mystic Bla  Conj/Tloc      0%         2d3       98%         4
 Blade Hands              Tmut           0%         N/A       100%        5
 Starburst                Conj/Fire      1%         6d3       100%        6


Dungeon Overview and Level Annotations

Branches:
Dungeon (10/15)            Temple (0/1) D:6            Lair (1/6) D:10
    Orc: D:9-12

Altars:
Fedhas
Qazlal
Zin

Shops:
D:5 (

Annotations:
D:7 Pikel
Lair:1 Urug


Innate Abilities, Weirdness & Mutations

You are too large for most types of armour.
You have claws for hands.
Your natural rate of healing is unusually fast.
You are covered in fur. (AC +1)
You have tough skin. (AC +1)


Message History

Urug is moderately wounded.
Urug hits you with a +3 great mace.
You barely miss Urug.
Urug is moderately wounded.
A cane toad comes into view.
Urug hits you with a +3 great mace!!
The cane toad croaks.
You closely miss Urug.
Urug is moderately wounded.
Urug barely misses you.
You mangle Urug!! Your claw misses Urug.
Urug is severely wounded.
You barely miss Urug.
Urug is severely wounded.
Urug hits you with a +3 great mace.
You closely miss Urug.
Urug is severely wounded.
Urug is no longer more vulnerable to fire.
Urug hits you with a +3 great mace!!
You scratch Urug but do no damage.
Urug is severely wounded.
Urug hits you with a +3 great mace!!
* * * LOW HITPOINT WARNING * * *
You scratch Urug.
Urug is severely wounded.
Urug hits you with a +3 great mace!
* * * LOW HITPOINT WARNING * * *
You claw Urug!
Urug is almost dead.
The cane toad stings you!!
* * * LOW HITPOINT WARNING * * *
You are lethally poisoned!
The cane toad poisons you!
Unknown command.
It was a potion of attraction.
You feel attractive to monsters.
* * * LOW HITPOINT WARNING * * *
You feel very sick. Urug misses you. The cane toad stings you.
You die...

...# ##...
#....#
##.....##
#.......##
........P##
#.....o...#
#@F.##
#<...#
#P....#
###.....#
#.....
..... ....
...# ..#


You could see Urug and a cane toad.

Vanquished Creatures
  Nergalle (D:10)
  Joseph (D:7)
  Maurice (D:8)
  Prince Ribbit (D:9)
  A hornet (D:8)
  A vampire (D:9)
  14 yaks
  A wyvern (D:9)
  3 steam dragons
  3 wargs (D:10)
  2 orc warriors
  A water moccasin (D:6)
  2 ice beasts (D:6)
  A black bear (D:5)
  An ogre (D:5)
  3 centaurs
  2 phantoms
  3 bullfrogs
  3 necrophages
  3 gnoll sergeants
  5 scorpions
  9 wights (D:7)
  4 killer bees (D:9)
  4 howler monkeys
  2 hounds
  4 jellies
  A gnoll shaman (D:8)
  5 orc priests
  3 iguanas
  Natasha (thrice) (D:2)
  9 orc wizards
  24 gnolls
  8 adders
  3 white imps (D:5)
  3 worms
  2 dart slugs
  35 orcs
  8 endoplasms
  6 giant cockroaches
  8 goblins
  6 hobgoblins
  2 jackals (D:2)
  4 quokkas
  5 ball pythons
  8 bats
  8 frilled lizards
  4 kobolds
  3 rats
234 creatures vanquished.

Vanquished Creatures (collateral kills)
  4 foxfires (Lair:1)
4 creatures vanquished.

Vanquished Creatures (others)
  83 foxfires
  A fungus (Lair:1)
  2 plants
86 creatures vanquished.

Grand Total: 324 creatures vanquished

Notes
Turn   | Place    | Note
-------+----------+-------------------------------------------
     0 | D:1      | Illumine the Troll Cinder Acolyte began the quest for the
                  | Orb.
     0 | D:1      | Reached XP level 1. HP: 22/22 MP: 1/1
   194 | D:1      | Found a faded altar of an unknown god.
   282 | D:1      | Reached XP level 2. HP: 29/29 MP: 2/2
   450 | D:1      | Reached skill level 1 in Unarmed Combat
   883 | D:2      | Reached XP level 3. HP: 36/36 MP: 3/3
  1096 | D:2      | Found a blossoming altar of Fedhas.
  1398 | D:2      | Noticed Natasha
  1408 | D:2      | Killed Natasha
  1409 | D:2      | Reached skill level 1 in Dodging
  1409 | D:2      | Reached skill level 2 in Unarmed Combat
  1409 | D:2      | Reached XP level 4. HP: 24/44 MP: 4/4
  1575 | D:2      | Noticed Natasha
  1582 | D:2      | Killed Natasha
  1754 | D:3      | Learned a level 2 spell: Scorch
  2088 | D:2      | Found a blossoming altar of Fedhas.
  2121 | D:2      | Noticed Natasha
  2126 | D:2      | Killed Natasha
  2127 | D:2      | Reached skill level 3 in Unarmed Combat
  2127 | D:2      | Reached XP level 5. HP: 44/53 MP: 2/5
  3022 | D:4      | Reached XP level 6. HP: 61/61 MP: 3/6
  3162 | D:4      | Reached skill level 4 in Unarmed Combat
  3543 | D:4      | Reached XP level 7. HP: 65/68 MP: 4/7
  3609 | D:4      | Reached skill level 5 in Unarmed Combat
  3794 | D:5      | Entered Level 5 of the Dungeon
  4015 | D:5      | Reached skill level 1 in Throwing
  4018 | D:5      | Found Ithrirch's Hydra Hut.
  4018 | D:5      | Noticed an eight-headed hydra
  4279 | D:5      | Reached skill level 6 in Unarmed Combat
  4418 | D:4      | Reached XP level 8. HP: 74/79 MP: 5/8
  4587 | D:5      | Found a stormy altar of Qazlal.
  4587 | D:5      | Found a glowing silver altar of Zin.
  5136 | D:6      | Reached skill level 7 in Unarmed Combat
  5230 | D:6      | Reached skill level 5 in Fighting
  5428 | D:6      | Reached XP level 9. HP: 85/88 MP: 6/9
  5786 | D:6      | Found a staircase to the Ecumenical Temple.
  5852 | D:7      | Noticed Joseph
  5913 | D:7      | Killed Joseph
  5914 | D:7      | Reached skill level 8 in Unarmed Combat
  6270 | D:7      | Reached skill level 1 in Stealth
  6361 | D:7      | Reached skill level 1 in Evocations
  6558 | D:7      | Noticed Pikel
  6576 | D:8      | Reached skill level 5 in Dodging
  6638 | D:8      | Identified the amulet of Surprise {RegenMP rF+ rC+ Dex+4}
  6790 | D:8      | Noticed Maurice
  6811 | D:8      | Killed Maurice
  6812 | D:8      | Reached skill level 9 in Unarmed Combat
  6812 | D:8      | Reached XP level 10. HP: 86/98 MP: 10/10
  7388 | D:9      | Noticed Prince Ribbit
  7406 | D:9      | Killed Prince Ribbit
  7937 | D:9      | Reached skill level 5 in Throwing
  8322 | D:10     | Entered Level 10 of the Dungeon
  8377 | D:10     | Noticed Nergalle
  8392 | D:10     | Killed Nergalle
  8464 | D:10     | Reached skill level 10 in Unarmed Combat
  8586 | D:10     | Reached XP level 11. HP: 98/107 MP: 11/11
  8659 | D:10     | Found a staircase to the Lair.
  8769 | Lair:1   | Entered Level 1 of the Lair of Beasts
  8770 | Lair:1   | Noticed Urug
  8784 | Lair:1   | HP: 5/107 [cane toad (18)]
  8785 | Lair:1   | HP: 1/107 [poisoned by a cane toad]
  8785 | Lair:1   | Slain by a cane toad

Illustrated notes

Levels and vault maps discovered:
D:1:      grunt_arrival_lava_bath, layout_loops_ring, basic_ecumenical_altar,
          minivault_27
D:2:      minmay_razor_zed, layout_rooms, basic_altar,
          corexii_item_surrounded_by_moat, uniq_natasha
D:3:      layout_loops_ring, dreamdust_princess_corridor,
          minmay_fractal_squares_5
D:4:      layout_basic, minmay_fractal_squares_gapless_5
D:5:      layout_basic, amethyst_overflow_temple_binary, doesnt_shop_hydraphobe
D:6:      layout_rooms, minmay_temple_entry_gardened_gates,
          eino_small_chamber_without_monster
D:7:      nicolae_cairo_tiling_large_dashed, layout_rooms, corexii_checkpoint_b,
          uniq_joseph, uniq_pikel
D:8:      layout_cave_pools, uniq_maurice
D:9:      layout_loops_ring, uniq_prince_ribbit1
D:10:     layout_gridville, erik_lair_orcish_takeover,
          ploomutoo_gammafunk_ghost_potion_laboratory, uniq_nergalle
Lair:1:   layout_hall_layers, uniq_urug

Skill      XL: |  1  2  3  4  5  6  7  8  9 10 |
---------------+-------------------------------+-----
Unarmed Combat | 1 2 3 4 6 7 9 10 | 10.4
Dodging        | 1 2 3 4 5 6 |  6.1
Fighting       | 3 4 5 6 |  6.6
Throwing       | 1 3 4 5 |  5.7
Stealth        | 1 2 |  2.6
Evocations     | 1 3 |  3.1
Long Blades    | |  2.4
Spellcasting   | |  1.0
Fire Magic     | |  2.1

Action                   |  1- 3 |  4- 6 |  7- 9 | 10-12 || total
-------------------------+-------+-------+-------+-------++-------
Melee: Unarmed           |    11 |   136 |   226 |   218 ||   591
       Falchion          |   122 |     6 |       |       ||   128
       Punch             |     1 |     3 |     8 |    11 ||    23
Throw: Stone             |       |     4 |     8 |       ||    12
       Javelin           |       |     1 |     7 |       ||     8
       Boomerang         |       |       |       |     7 ||     7
 Cast: Scorch            |       |    17 |    38 |    13 ||    68
Invok: Fiery Armour      |     2 |       |     3 |       ||     5
       Foxfire Swarm     |       |       |     3 |     2 ||     5
  Use: Scroll            |       |     7 |     2 |     3 ||    12
       Potion            |       |     1 |       |     1 ||     2
 Stab: Sleeping          |       |       |       |     1 ||     1
Armor: Robe              |    49 |    33 |    55 |       ||   137
       Skin              |       |     8 |       |       ||     8
       Steam dragon scal |       |       |    11 |    75 ||    86
Dodge: Dodged            |    71 |    42 |    86 |    96 ||   295

Table legend: (Time is in decaauts)
 A = Elapsed time spent in this place.
 B = Non-inter-level travel time spent in this place.
 C = Inter-level travel time spent in this place.
 D = Time resting spent in this place.
 E = Time spent auto-exploring this place.
 F = Levels seen in this place.
 G = Mean time per level.
                   A        B        C        D        E       F      G
               +--------+--------+--------+--------+--------+-----+--------+
         Total |   8743 |   8277 |    466 |   1014 |   5208 |  11 |  794.8 |
       Dungeon |   8729 |   8263 |    466 |   1014 |   5208 |  10 |  872.9 |
          Lair |     13 |     13 |      0 |      0 |      0 |   1 |   13.0 |
               +--------+--------+--------+--------+--------+-----+--------+

Top non-repeatable levels by time:
     D:4: 1178 daAuts
     D:2: 1142 daAuts
     D:5: 1032 daAuts
     D:3: 959 daAuts
     D:9: 928 daAuts
     D:6: 895 daAuts
     D:8: 800 daAuts
     D:1: 769 daAuts
     D:7: 600 daAuts
    D:10: 421 daAuts
  Lair:1: 13 daAuts
